 Dungeon Crawl Stone Soup version 0.25-a0-566-g062765be81 (webtiles) character file.

Game seed: 9241246376957905559, levelgen mode: deterministic

1126 drasked the Destroyer (level 8, -9/41 HPs)
             Began as a Deep Elf Fire Elementalist on Feb 28, 2020.
             Was a Follower of Vehumet.
             Shot with an arrow by a centaur (15 damage)
             ... on level 7 of the Dungeon.
             The game lasted 00:12:31 (6482 turns).

drasked the Destroyer (Deep Elf Fire Elementalist)  Turns: 6482, Time: 00:12:31

Health: -9/41      AC:  3    Str:  5    XL:     8   Next: 13%
Magic:  7/17       EV: 13    Int: 23    God:    Vehumet [*.....]
Gold:   269        SH:  0    Dex: 15    Spells: 7/17 levels left

rFire    + . .     SeeInvis .   x - staff of fire {rF+rF+}
rCold    . . .     Gourm    .   (no shield)
rNeg     + . .     Faith    .   a - +0 robe
rPois    .         Spirit   .   (no helmet)
rElec    .         Reflect  .   (no cloak)
rCorr    .         Harm     .   (no gloves)
MR       .....                  r - +0 pair of boots
Stlth    ++........             R - amulet of regeneration {+regen, !d}
HPRegen  0.53/turn              N - ring of positive energy {rN+rN+}
MPRegen  0.15/turn              (no ring)

@: lethally poisoned (-9 -> -9)
A: no striking features
a: Renounce Religion


You were on level 7 of the Dungeon.
You worshipped Vehumet.
Vehumet was aware of your devotion.
You were hungry.

You visited 2 branches of the dungeon, and saw 8 of its levels.

You collected 269 gold pieces.

Inventory:

Hand Weapons
 c - a +0 dagger
   (You took it off a goblin on level 1 of the Dungeon)
Missiles
 f - 3 curare-tipped darts (quivered)
 o - 18 poisoned darts
 y - 2 javelins
Armour
 a - a +0 robe (worn)
 r - a +0 pair of boots (worn)
   (You found it on level 4 of the Dungeon)
Magical Staves
 x - an uncursed staff of fire (weapon) {rF+rF+}
   (You found it on level 6 of the Dungeon)
Jewellery
 N - a ring of positive energy (left hand) {rN+rN+}
   (You found it on level 3 of the Dungeon)
 R - an amulet of regeneration (around neck) {+regen, !d}
   (You found it on level 1 of the Dungeon)
Scrolls
 g - a scroll of blinking {unknown}
 h - a scroll of fog {unknown}
 i - 2 scrolls of enchant armour {unknown}
 j - 9 scrolls of identify {unknown}
 k - a scroll of random uselessness {unknown}
 n - 3 scrolls of remove curse {unknown}
 p - 5 scrolls of amnesia {unknown}
 q - a scroll of summoning {unknown}
 s - 2 scrolls of teleportation {unknown}
 t - a scroll of enchant weapon {unknown}
 v - a scroll of silence {unknown}
Potions
 b - a potion of brilliance {unknown}
 d - a potion of ambrosia {unknown}
 l - 3 potions of curing {unknown}
 m - a potion of degeneration {unknown}
 u - a potion of flight {unknown}
Comestibles
 e - 9 rations


   Skills:
 - Level 2.4 Dodging
 - Level 2.4 Stealth
 - Level 5.3 Spellcasting
 + Level 8.0 Conjurations
 + Level 6.6 Fire Magic


You had 7 spell levels left.
You knew the following spells:

 Your Spells              Type           Power        Failure   Level  Hunger
a - Foxfire               Conj/Fire      ####         1%          1    None
f - Fireball              Conj/Fire      ######....   12%         5    #####..
s - Sticky Flame          Conj/Fire      ######..     4%          4    ####...

Your spell library contained the following spells:

 Spells                   Type           Power        Failure   Level  Hunger
 Magic Dart               Conj           ####         1%          1    None
 Conjure Flame            Conj/Fire      ######..     1%          3    ##.....
 Inner Flame              Hex/Fire       ####....     7%          3    ##.....


Dungeon Overview and Level Annotations

Branches:
Dungeon (7/15)             Temple (1/1) D:4

Altars:
Ashenzari
Cheibriados
Dithmenos
Elyvilon
Fedhas
Gozag
Hepliaklqana
Kikubaaqudgha
Makhleb
Nemelex Xobeh
Qazlal
Ru
Sif Muna
Uskayaw
Vehumet
Wu Jian
Xom
Zin
The Shining One

Shops:
D:5 *

Annotations:
D:2 1 runed translucent door, Crazy Yiuf
D:3 Ijyb, Sigmund
D:4 Natasha
D:6 3 runed translucent doors, Flugslaktarn's ghost, novice DDFi; kae's ghost, novice KoEn
D:7 Dowan


Message History

There is a stone staircase leading down here.
Okay, then.
You start putting on your armour.
You continue putting on your pair of boots. x4
You finish putting on your +0 pair of boots.
x - an uncursed staff of fire (weapon)
Okay, then.
Partly explored, can't reach some items and places.
Partly explored, can't reach some items and places.
Partly explored, can't reach some items and places.
There is an open door here.
Kae's ghost turns its malevolent gaze towards you.
There is an open door here.
There is a stone staircase leading down here.
You climb downwards.
A centaur and Dowan come into view.
Dowan is wielding a +0 dagger and wearing a +0 robe of cold resistance.
There is a stone staircase leading up here.
You climb upwards.
Level annotation: 3 runed translucent doors, Flugslaktarn's ghost, novice DDFi; kae's ghost, novice KoEn
There is a stone staircase leading down here.
There is a stone staircase leading down here.
You are feeling hungry.
You climb downwards.
Level annotation: Dowan A howler monkey comes into view.
There is a stone staircase leading up here.
You feel a surge of power!
You conjure some foxfire!
The foxfire hits the howler monkey.
The howler monkey howls!
You feel a surge of power!
You conjure some foxfire!
The howler monkey barely misses you.
The foxfire hits the howler monkey.
The howler monkey hits you.
You feel a surge of power!
You conjure some foxfire!
The howler monkey hits you.
The foxfire hits the howler monkey.
The howler monkey completely misses you.
The howler monkey barely misses you.
You feel a surge of power!
You conjure some foxfire!
The foxfire hits the howler monkey.
The howler monkey barely misses you.
The foxfire hits the howler monkey!
A hound comes into view.
The howler monkey hits you but does no damage.
You feel a surge of power!
You conjure some foxfire!
The hound barks!
The howler monkey hoots and howls with incredible vigour!
You hear a shout! x2; You hear an angry hiss. x2; You hear a chilling moan.
You hear a shout! x2
The foxfire hits the howler monkey. x2
You kill the howler monkey!
You feel a surge of power!
You conjure some foxfire!
A water moccasin comes into view.
The foxfire hits the hound!
The foxfire hits the hound but does no damage.
The hound stops to sniff the ground.
The hound closely misses you.
You feel a surge of power!
You conjure some foxfire!
The hound barely misses you.
The foxfire hits the hound.
The foxfire hits the hound!
You kill the hound!
Your Conjurations skill increases to level 8!
You feel a surge of power!
You conjure some foxfire!
A centaur skeleton comes into view.
The foxfire hits the water moccasin.
The foxfire hits the water moccasin!
The water moccasin bites you. x2
You feel a surge of power!
You conjure some foxfire!
The water moccasin closely misses you.
The foxfire hits the water moccasin but does no damage.
The foxfire hits the water moccasin.
The water moccasin closely misses you. The water moccasin barely misses you.
You feel a surge of power!
You conjure some foxfire!
The water moccasin completely misses you.
The foxfire hits the water moccasin. x2; The water moccasin bites you.
An orc comes into view. It is wielding a +0 club.
You feel a surge of power!
You conjure some foxfire!
The water moccasin bites you but does no damage.
The centaur skeleton barely misses you. The water moccasin bites you.
The foxfire hits the orc but does no damage.
The foxfire hits the orc.
The centaur skeleton misses you. The water moccasin bites you.
The orc hits you with a +0 club.
You feel a surge of power!
You conjure some foxfire!
The water moccasin closely misses you.
The centaur skeleton completely misses you.
The orc hits you but does no damage. The water moccasin bites you.
You are poisoned.
The water moccasin poisons you! The centaur skeleton barely misses you.
You feel sick.
The foxfire hits the orc. x2
You kill the orc!
The centaur wields a +0 shortbow.
The centaur shoots an arrow.
The arrow hits you!
* * * LOW HITPOINT WARNING * * *
The water moccasin closely misses you. The centaur skeleton barely misses you.
You feel a surge of power!
You conjure some foxfire!
You feel sick.
The centaur shoots an arrow.
The arrow hits you!
* * * LOW HITPOINT WARNING * * *
The water moccasin barely misses you. The centaur skeleton barely misses you.
You feel sick.
The foxfire hits the centaur skeleton.
The foxfire hits the water moccasin!
The centaur shoots an arrow.
The arrow hits you!
You die...

.#.. # .#.
#### .. ....
#.# ### ####
..#.... #
+#####.....#
..
+....§.....#
.e #@†c.# ..
#..ZS...# c
#.#......#
#.#......# .
#.$...... #.
......### #
####... ..##


You could see a water moccasin, a centaur and a centaur skeleton.

Levels and vault maps discovered:
D:1:      dpeg_arrival_tiny_a, layout_loops_cross, minmay_misc_feat_enclosed
D:2:      layout_loops_ring, lemuel_crystal_altar, first_ration,
          uniq_crazy_yiuf_cottage
D:3:      layout_loops_ring, lemuel_coloured_pillars_altar,
          nicolae_tso_swordbearing_angel, nicolae_overflow_hidden_temple,
          dk_noncrumbling_3, serial_park_tiny_1, uniq_sigmund, uniq_ijyb
D:4:      layout_layer_cave, minmay_temple_entry_mist,
          ebering_dispersal_statue_hall, kennysheep_decorative_pillar,
          minmay_mini_ossuary, uniq_natasha
D:5:      minmay_chambers_of_fours, layout_loops_ring, nicolae_elemental_shop
D:6:      layout_loops_corners, old_standard_altar, gammafunk_ghost_cemetery,
          serial_bayou_crossing
D:7:      layout_basic, serial_shops, nicolae_shop_competitors_out_of_business,
          uniq_duvessa
Temple:   lightli_temple_of_artemis

Notes
Turn   | Place    | Note
-------+----------+-------------------------------------------
     0 | D:1      | drasked the Deep Elf Fire Elementalist began the quest for
                  | the Orb.
     0 | D:1      | Reached XP level 1. HP: 10/10 MP: 6/6
    56 | D:1      | Identified a +0 dagger
   281 | D:1      | Reached XP level 2. HP: 11/15 MP: 2/8
   460 | D:1      | Identified a +0 dagger
   653 | D:1      | Identified a +0 club
   660 | D:1      | Identified a +0 short sword
   662 | D:1      | Reached skill level 2 in Conjurations
   724 | D:1      | Identified a +0 club
   828 | D:1      | Reached XP level 3. HP: 19/19 MP: 6/10
   829 | D:1      | Identified an amulet of regeneration (You found it on level
                  | 1 of the Dungeon)
  1215 | D:2      | Reached skill level 4 in Spellcasting
  1215 | D:2      | Reached skill level 4 in Fire Magic
  1313 | D:2      | Identified a +0 club
  1443 | D:2      | Reached XP level 4. HP: 24/24 MP: 8/12
  1497 | D:2      | Found a hazy altar of Hepliaklqana.
  1528 | D:2      | Identified a +0 dagger
  1528 | D:2      | Identified a +0 hunting sling
  1591 | D:2      | Found a runed translucent door.
  1592 | D:2      | Identified a +4 quarterstaff of chaos
  1592 | D:2      | Identified a +0 cloak
  1592 | D:2      | Noticed Crazy Yiuf
  1634 | D:2      | Identified a +0 dagger
  1753 | D:2      | Identified a +0 dagger
  1757 | D:2      | Identified a +0 club
  2198 | D:3      | Reached skill level 3 in Conjurations
  2249 | D:3      | Identified a ring of positive energy (You found it on level
                  | 3 of the Dungeon)
  2301 | D:3      | Identified a +0 club
  2367 | D:3      | Identified a +0 scythe
  2367 | D:3      | Identified a +2 robe
  2367 | D:3      | Noticed Sigmund
  2382 | D:3      | Learned a level 4 spell: Sticky Flame
  2424 | D:3      | Identified a +0 short sword
  2424 | D:3      | Identified a +0 ring mail
  2519 | D:3      | Identified a +0 leather armour
  2699 | D:3      | Identified a +0 club
  2751 | D:3      | Reached XP level 5. HP: 11/28 MP: 10/14
  2787 | D:3      | Identified a +0 ring mail
  2787 | D:3      | Noticed Ijyb
  2996 | D:3      | Identified a +0 hand axe
  2996 | D:3      | Identified a +0 leather armour
  3017 | D:3      | Found a glowing golden altar of the Shining One.
  3242 | D:3      | Learned a level 5 spell: Fireball
  3269 | D:4      | Identified a cursed -2 giant spiked club
  3269 | D:4      | Noticed an ogre
  3280 | D:4      | Killed an ogre
  3280 | D:4      | Reached skill level 5 in Spellcasting
  3280 | D:4      | Reached skill level 5 in Fire Magic
  3333 | D:4      | Reached skill level 4 in Conjurations
  3333 | D:4      | Reached XP level 6. HP: 32/32 MP: 11/15
  3429 | D:4      | Identified a +0 hand axe
  3436 | D:4      | Identified a +0 giant club
  3444 | D:4      | Reached skill level 5 in Conjurations
  3520 | D:4      | Found a staircase to the Ecumenical Temple.
  3527 | D:4      | Identified a +0 hand axe
  3527 | D:4      | Identified a +2 leather armour of magic resistance
  3529 | Temple   | Entered the Ecumenical Temple
  3548 | Temple   | Became a worshipper of Vehumet
  4016 | D:4      | Noticed Natasha
  4345 | D:5      | Entered Level 5 of the Dungeon
  4504 | D:5      | Reached XP level 7. HP: 29/36 MP: 13/16
  4813 | D:5      | Found Leutohos's Elemental Accessories.
  5024 | D:5      | Reached skill level 6 in Conjurations
  5390 | D:6      | Found a burning altar of Makhleb.
  5543 | D:6      | Found a runed translucent gate.
  5544 | D:6      | Found a runed translucent gate.
  5545 | D:6      | Found a runed translucent gate.
  5546 | D:6      | Noticed Flugslaktarn's ghost (novice DDFi)
  5547 | D:6      | Noticed kae's ghost (novice KoEn)
  5574 | D:6      | Identified a +0 hand axe
  5574 | D:6      | Identified a +0 leather armour
  5611 | D:6      | Reached * piety under Vehumet
  5611 | D:6      | Offered knowledge of Magic Dart by Vehumet.
  5611 | D:6      | Reached skill level 7 in Conjurations
  5611 | D:6      | Reached skill level 6 in Fire Magic
  5990 | D:6      | Reached XP level 8. HP: 18/41 MP: 13/17
  6382 | D:6      | Identified a +0 pair of boots (You found it on level 4 of
                  | the Dungeon)
  6450 | D:7      | Identified a +0 dagger
  6450 | D:7      | Identified a +0 robe of cold resistance
  6450 | D:7      | Noticed Dowan
  6450 | D:7      | Identified a +0 shortbow
  6470 | D:7      | Reached skill level 8 in Conjurations
  6476 | D:7      | Identified a +0 club
  6476 | D:7      | Identified a +0 ring mail
  6481 | D:7      | HP: 7/41 [centaur/arrow (7)]
  6482 | D:7      | Shot with an arrow by a centaur

Table legend:
 A = Turns spent in this place as a percentage of turns spent in the entire game.
 B = Non-inter-level travel turns spent in this place as a percentage of non-inter-level travel turns spent in the entire game.
 C = Inter-level travel turns spent in this place as a percentage of turns spent in this place.
 D = Turns resting spent in this place as a percentage of non-inter-level travel turns spent in this place.
 E = Turns spent auto-exploring this place as a percentage of non-inter-level travel turns spent in this place.
 F = Non-inter-level travel turns spent in this place divided by the number of levels of this place that you've seen.
                   A       B       C       D       E      F
               +-------+-------+-------+-------+-------+----------------------
         Total | 100.0 | 100.0 |   3.6 |  22.8 |  60.0 | 780.8
       Dungeon |  99.4 |  99.6 |   3.4 |  22.9 |  60.3 | 889.0
        Temple |   0.6 |   0.4 |  43.9 |   0.0 |   0.0 |  23.0
               +-------+-------+-------+-------+-------+----------------------

Table legend:
 A = Kills in this place as a percentage of kills in entire the game.
 B = Kills by you in this place as a percentage of kills by you in the entire game.
 C = Kills by friends in this place as a percentage of kills by friends in the entire game.
 D = Other kills in this place as a percentage of other kills in the entire game.
 E = Experience gained in this place as a percentage of experience gained in the entire game.
 F = Experience gained in this place divided by the number of levels of this place that you have seen.
                   A       B       C       D       E      F
               +-------+-------+-------+-------+-------+----------------------
         Total | 100.0 | 100.0 |   N/A |   N/A | 100.0 | 201.1
       Dungeon | 100.0 | 100.0 |   N/A |   N/A | 100.0 | 229.9
               +-------+-------+-------+-------+-------+----------------------

Skill      XL: |  1  2  3  4  5  6  7  8 |
---------------+-------------------------+-----
Conjurations   | 2 3 4 5 7 8 |  8.0
Spellcasting   | 4 5 |  5.3
Fire Magic     | 4 5 6 |  6.6
Dodging        | |  2.4
Stealth        | |  2.4

Action                   |  1- 3 |  4- 6 |  7- 9 || total
-------------------------+-------+-------+-------++-------
 Cast: Foxfire           |    65 |   107 |    81 ||   253
  Eat: Chunk             |     1 |     9 |     6 ||    16
Armor: Robe              |     1 |     2 |     8 ||    11
Dodge: Dodged            |    14 |    37 |    46 ||    97

Vanquished Creatures
  2 black bears
  2 ogres (D:4)
  A phantom (D:5)
  A bullfrog (D:6)
  A howler monkey (D:7)
  A jelly (D:6)
  4 hounds
  2 centaur skeletons (D:6)
  4 iguanas
  2 worker ants
  A hound zombie (D:6)
  A hound skeleton (D:6)
  A mummy (D:4)
  A worker ant zombie (D:5)
  4 adders
  A shadow imp (D:5)
  2 oozes (D:1)
  An adder zombie (D:6)
  2 adder skeletons (D:6)
  3 worms
  3 dart slugs
  2 leopard geckos (D:6)
  8 orcs
  10 bats
  4 giant cockroaches
  7 hobgoblins
  4 jackals
  6 quokkas
  3 ball pythons
  5 frilled lizards
  9 goblins
  A hobgoblin zombie (D:4)
  5 kobolds
  3 kobold zombies (D:4)
  6 rats
113 creatures vanquished.

Vanquished Creatures (others)
  409 foxfires
  4 withered plants (D:6)
413 creatures vanquished.

Grand Total: 526 creatures vanquished
